 Dungeon Crawl Stone Soup version 0.26-a0-707-g31817bc (webtiles) character file.

Game seed: 2524529836128680334

31 Mopster the Skirmisher (level 3, 32/34 HPs)
             Began as a Minotaur Berserker on Oct 26, 2020.
             Was a Believer of Trog.
             Quit the game on level 1 of the Dungeon.
             The game lasted 00:01:33 (760 turns).

Mopster the Skirmisher (Minotaur Berserker)          Turns: 760, Time: 00:01:34

Health: 32/34      AC:  9    Str: 21    XL:     3   Next: 7%
Magic:  2/2        EV:  8    Int:  4    God:    Trog [**....]
Gold:   62         SH:  0    Dex: 10    Spells: 2/2 levels left

rFire    . . .     SeeInvis .   a - +0 hand axe
rCold    . . .     Faith    .   (no shield)
rNeg     . . .     Spirit   .   d - +1 chain mail
rPois    .         Reflect  .   (helmet restricted)
rElec    .         Harm     .   (no cloak)
rCorr    .         Rampage  .   (no gloves)
MR       .....                  (no boots)
Stlth    ..........             (no amulet)
HPRegen  0.11/turn              (no ring)
MPRegen  0.08/turn              (no ring)

@: no status effects
A: retaliatory headbutt, horns 2
a: Berserk, Trog's Hand, Renounce Religion


You were on level 1 of the Dungeon.
You worshipped Trog.
Trog was pleased with you.
You visited 1 branch of the dungeon, and saw 1 of its levels.

You collected 62 gold pieces.

Inventory:

Hand Weapons
 a - a +0 hand axe (weapon)
 c - a +0 hand axe
Armour
 b - a +0 animal skin
 d - a +1 chain mail (worn)
Jewellery
 f - an uncursed ring of wizardry {unknown}
 g - an uncursed ring of see invisible {unknown}
Scrolls
 e - a scroll of enchant armour
 h - a scroll of teleportation {unknown}


   Skills:
 + Level 4.3 Fighting
 + Level 4.2 Axes
 + Level 2.7 Armour
 + Level 2.4 Dodging


You had 2 spell levels left.
You didn't know any spells.
Your spell library was empty.

Dungeon Overview and Level Annotations

Branches:
Dungeon (1/15)

Altars:


Innate Abilities, Weirdness & Mutations

You reflexively headbutt those who attack you in melee.
You have a pair of horns on your head.


Message History

The bat barely misses you. The bat hits you but does no damage.
You hit the bat.
You kill the bat!
Trog accepts your kill.
No target in view!
Found 23 stones.
Found 21 sling bullets.
You see here 21 sling bullets.
You see here 21 sling bullets.
A hobgoblin comes into view.
The hobgoblin shouts!
A hobgoblin is nearby!
The hobgoblin hits you.
You hit the hobgoblin. You headbutt the hobgoblin.
You kill the hobgoblin!
Trog accepts your kill.
Quiver which item? (- for none, * to show all) (? for menu, Esc to quit)
Okay, then.
Are you sure you want to abandon this character and quit the game? (Confirm with "yes".)

###.####..#..# #.#
..........#..###.#
.##+####..#..#...#
#..#..#.###
#.......#
###.##..###
.........#
####.##..########
#.##....@†...#
#.##..######.# #.
#..# #..( #.## ..
#.# #.


There were no monsters in sight!

Vanquished Creatures
  2 bats (D:1)
  2 goblins (D:1)
  3 hobgoblins (D:1)
  6 jackals (D:1)
  6 kobolds (D:1)
  A ball python (D:1)
  A frilled lizard (D:1)
  6 rats (D:1)
27 creatures vanquished.

Vanquished Creatures (others)
  An ooze (D:1)
  A rat (D:1)
2 creatures vanquished.

Grand Total: 29 creatures vanquished

Notes
Turn   | Place    | Note
-------+----------+-------------------------------------------
     0 | D:1      | Mopster the Minotaur Berserker began the quest for the Orb.
     0 | D:1      | Reached XP level 1. HP: 19/19 MP: 0/0
   192 | D:1      | Reached XP level 2. HP: 27/27 MP: 1/1
   621 | D:1      | Reached ** piety under Trog
   691 | D:1      | Reached XP level 3. HP: 33/33 MP: 2/2
   760 | D:1      | Quit the game

Illustrated notes

Levels and vault maps discovered:
D:1:      dpeg_arrival_pond, layout_basic, lemuel_another_geyser

Skill      XL: |  1  2 |
---------------+-------+-----
Axes           | 4 |  4.2
Fighting       | 4 |  4.3
Armour         | |  2.7
Dodging        | |  2.4

Action                   || total
-------------------------++-------
Melee: Hand axe          ||    52
       Headbutt          ||     6
  Use: Scroll            ||     1
Armor: Animal skin       ||     8
       Chain mail        ||     9
Dodge: Dodged            ||    29

Table legend: (Time is in decaauts)
 A = Elapsed time spent in this place.
 B = Non-inter-level travel time spent in this place.
 C = Inter-level travel time spent in this place.
 D = Time resting spent in this place.
 E = Time spent auto-exploring this place.
 F = Levels seen in this place.
 G = Mean time per level.
                   A        B        C        D        E       F      G
               +--------+--------+--------+--------+--------+-----+--------+
         Total |    765 |    739 |     26 |      0 |    574 |   1 |  765.0 |
       Dungeon |    765 |    739 |     26 |      0 |    574 |   1 |  765.0 |
               +--------+--------+--------+--------+--------+-----+--------+

Top non-repeatable levels by time:
     D:1: 765 daAuts
